 Dungeon Crawl Stone Soup version 0.31.0-32-g396128a36d (webtiles) character file.

Game seed: 5249265470021206248

158 middlethird the Magician (level 5, -6/26 HPs)
             Began as a Vine Stalker Ice Elementalist on Mar 25, 2024.
             Mangled by a shadow demon (7 damage)
             ... created by the darkness of Dithmenos
             ... on level 4 of the Dungeon.
             The game lasted 00:07:02 (736 turns).

middlethird the Magician (VSIE)                      Turns: 736, Time: 00:07:03

Health: -6/26      AC:  5    Str: 11    XL:     5   Next: 39%
Magic:  0/12       EV: 12    Int: 17    God:
Gold:   22         SH:  0    Dex: 14    Spells: 6/13 levels left

rFire   . . .        j - +0 dagger (speed)
rCold   . . .        (no shield)
rNeg    . . .        a - +0 robe
rPois   .            (no helmet)
rElec   .            (no cloak)
rCorr   .            (no gloves)
SInv    .            i - +0 pair of boots
Will    .....        (no amulet)
Stlth   +++          (no ring)
HPRegen 1.04/turn    (no ring)
MPRegen 0.13/turn

%: guardian spirit
@: freezing walls
A: fangs 2, regeneration 1, magic shield, antimagic bite, no potion heal 2,
iridescent scales 1, camouflage 1
a: no special abilities


You were on level 4 of the Dungeon.
You visited 1 branch of the dungeon, and saw 4 of its levels.

You collected 22 gold pieces.

Inventory:

Hand Weapons
 c - a +0 dagger
 f - a +0 whip
 j - a +0 dagger of speed (weapon)
Armour
 a - a +0 robe (worn)
 i - a +0 pair of boots (worn)
Wands
 b - a wand of flame (3)
Scrolls
 d - 2 scrolls of immolation
 l - a scroll of noise
 n - a scroll of enchant weapon
 o - a scroll of revelation {unknown}
Potions
 e - a potion of enlightenment {unknown}
 g - a potion of haste {unknown}
 k - a potion of curing
 m - a potion of mutation


   Skills:
 - Level 2.0 Fighting
 - Level 2.0 Dodging
 - Level 3.0 Stealth
 + Level 4.5 Spellcasting
 - Level 4.0 Ice Magic


You had 6 spell levels left.
You knew the following spells:

 Your Spells              Type           Power      Damage    Failure   Level
f - Freeze                Ice            68%        1d8       3%          1
g - Frozen Ramparts       Ice            34%        1d6       9%          3
h - Ozocubu's Armour      Ice            17%        N/A       9%          3

Your spell library contained the following spells:

 Spells                   Type           Power      Damage    Failure   Level
 Summon Ice Beast         Ice/Summ       10%        N/A       21%         3


Dungeon Overview and Level Annotations

Branches:
Dungeon (4/15)
 Temple: D:4-7

Altars:
Dithmenos
Uskayaw


Innate Abilities, Weirdness & Mutations

You have extremely sharp teeth.
Your natural rate of healing is unusually fast.
When hurt, damage is shared between your health and your magic reserves.
Your bite disrupts and absorbs the magic of your enemies.
Potions cannot restore your health.
You are partially covered in iridescent scales. (AC +2)
Your skin changes colour to match your surroundings (Stealth+).


Message History

The wall freezes the shadow demon but does no damage.
The shadow demon gestures.
The wall freezes the shadow but does no damage.
The shadow completely resists.
The wall freezes the shadow but does no damage.
The shadow hits you!
The wall freezes the jelly.
The jelly barely misses you.
Unknown command.
Casting: Freeze (safe; 3% risk of failure)
Confirm with . or Enter, or press ? or * to list all spells.
Aiming: Freeze (safe; 3% risk of failure)
Press: ? - help, Shift-Dir - straight line, f/p - jelly
Aim: a jelly (moderately wounded)
You freeze the jelly!
The jelly is almost dead.
The adder hisses angrily.
An adder comes into view.
The wall freezes the shadow demon but does no damage.
The shadow demon hits you.
The shadow demon gestures.
The wall freezes the shadow but does no damage.
The shadow completely resists.
The wall freezes the shadow but does no damage.
The shadow closely misses you.
The wall freezes the jelly.
The jelly hits you.
You are splashed with acid!
Unknown command.
Unknown command.
Unknown command.
Unknown command.
Read: 3 scrolls of immolation
Press: ? - help, Q - select action, (/) - cycle Dir - look around, f - activate Look: a jelly (almost dead, susceptible)
As you read the scroll of immolation, it crumbles to dust.
The creatures around you are filled with an inner flame!
The orc priest shouts!
The wall freezes the shadow but does no damage.
The shadow hits you!
* * * LOW HITPOINT WARNING * * *
The wall freezes the shadow demon but does no damage.
The shadow demon hits you!
You die...

.......## #...........
........######..#.......
..........##............
...........o..###.......
.....J.....#..####......
........BJ.)...###......
...##...S2o.o...........
####JW.o.....###...#
#@##......## #####
#W2.........#
#.........†##
##..##....## #######.##
#.# ###


You could see 2 shadow demons, 2 shadows, a jelly (inner flame), an orc priest
(summoned, inner flame), an adder (inner flame), 3 orcs, an endoplasm (summoned,
inner flame) and a giant cockroach (summoned, inner flame).

Vanquished Creatures
  A hound (D:4)
  Ijyb (D:3)
  An iguana (D:3)
  4 adders
  A dart slug (D:1)
  4 orcs
  A ball python (D:3)
  2 endoplasms
  2 giant cockroaches
  5 goblins
  4 hobgoblins (D:3)
  3 kobolds
  3 bats
  A frilled lizard (D:2)
  6 rats
39 creatures vanquished.

Notes
Turn   | Place    | Note
-------+----------+-------------------------------------------
     0 | D:1      | middlethird the Vine Stalker Ice Elementalist began the
                  | quest for the Orb.
     0 | D:1      | Reached XP level 1. HP: 9/9 MP: 4/4
    66 | D:1      | Reached XP level 2. HP: 8/13 MP: 2/6
   116 | D:1      | Found a faded altar of an unknown god.
   150 | D:1      | Prayed at the altar of an unknown god.
   150 | D:1      | Became a worshipper of Dithmenos the Shadowed
   150 | D:1      | Reached * piety under Dithmenos
   151 | D:1      | Fell from the grace of Dithmenos
   310 | D:3      | Noticed Ijyb
   319 | D:3      | Killed Ijyb
   320 | D:3      | Reached XP level 3. HP: 4/16 MP: 2/8
   341 | D:3      | Learned a level 3 spell: Frozen Ramparts
   345 | D:3      | Learned a level 3 spell: Ozocubu's Armour
   390 | D:3      | Reached XP level 4. HP: 2/21 MP: 1/11
   409 | D:3      | Reached skill level 1 in Fighting
   437 | D:2      | Found a hide-covered altar of Uskayaw.
   518 | D:3      | Reached XP level 5. HP: 26/26 MP: 0/12
   711 | D:4      | Gained mutation: You have hidden genetic potential. [potion
                  | of mutation]
   711 | D:4      | Gained mutation: Your skin changes colour to match your
                  | surroundings (Stealth+). [potion of mutation]
   711 | D:4      | Lost mutation: You have hidden genetic potential. [potion
                  | of mutation]
   711 | D:4      | Gained mutation: You are partially covered in iridescent
                  | scales. (AC +2) [potion of mutation]
   732 | D:4      | Noticed a shadow
   732 | D:4      | Noticed a shadow demon
   732 | D:4      | Noticed a shadow demon
   732 | D:4      | Noticed a shadow
   736 | D:4      | HP: 1/26 [shadow[the darkness of Dithmenos] (8)]
   736 | D:4      | Mangled by a shadow demon

Illustrated notes

Levels and vault maps discovered:
D:1:      onia_arrival_mini_maze, layout_basic,
          hellmonk_ecumenical_altar_pennies_from_heaven
D:2:      minmay_general_purpose_star, layout_basic, basic_altar, st_stairs_11
D:3:      layout_loops_cross, uniq_ijyb
D:4:      layout_cave_pools, enter_ossuary_2

Skill      XL: |  1  2  3  4 |
---------------+-------------+-----
Dodging        | 2 |  2.0
Stealth        | 3 |  3.0
Spellcasting   | 3 4 |  4.5
Fighting       | 2 |  2.0
Ice Magic      | |  4.0

Action                     |  1- 3 |  4- 6 || total
---------------------------+-------+-------++-------
  Melee: Dagger            |     5 |    24 ||    29
         Bite              |     6 |    12 ||    18
         Unarmed           |     1 |       ||     1
         Whip              |    17 |    28 ||    45
         Punch             |     1 |       ||     1
   Cast: Freeze            |    20 |     9 ||    29
         Frozen Ramparts   |     1 |     5 ||     6
         Ozocubu's Armour  |     1 |     1 ||     2
 Invoke: Renounce Religion |     1 |       ||     1
    Use: Potion            |     1 |     2 ||     3
         Scroll            |     1 |     3 ||     4
   Stab: Sleeping          |     2 |     3 ||     5
 Armour: Robe              |    20 |    30 ||    50
  Dodge: Dodged            |    19 |    22 ||    41
